 Dungeon Crawl Stone Soup version 0.27-a0-1312-g5cdb2b3542 (webtiles) character file.

Game seed: 15975070140992430953

222854 Froggeryz the Severer (level 18, -5/156 HPs)
             Began as a Palentonga Berserker on June 19, 2021.
             Was the Champion of Trog.
             Killed from afar by a deep elf zephyrmancer (25 damage)
             ... with a bolt of lightning
             ... on level 4 of the Swamp.
             The game lasted 00:55:19 (32245 turns).

Froggeryz the Severer (Palentonga Berserker)       Turns: 32245, Time: 00:55:19

Health: -5/156     AC: 27    Str: 33    XL:     18   Next: 11%
Magic:  18/18      EV:  7    Int:  8    God:    Trog [******]
Gold:   1612       SH: 18    Dex: 14    Spells: 17/17 levels left

rFire    + . .     SeeInvis +   x - +9 broad axe "Fiviyp" {flame, Str+2}
rCold    + + .     Faith    .   A - +5 kite shield of Disguise {rN+ Str+4}
rNeg     + . .     Spirit   .   q - +4 scale mail
rPois    +         Reflect  .   (no helmet)
rElec    .         Harm     .   w - scarf {rC+ rF+}
rCorr    .         Rampage  .   u - +0 pair of fencer's gloves {Riposte Dex+3}
Will     ++...                  S - +0 barding {rC+}
Stlth    ..........             r - amulet of regeneration
HPRegen  1.36/turn              f - ring of poison resistance
MPRegen  0.16/turn              N - ring of willpower

@: on berserk cooldown, slowed, studying Ice Magic, curled up, very slow
A: large, rugged brown scales 3, see invisible, deformed body, roll 1, armoured
tail, reflexive curl
}: 2/15 runes: decaying, gossamer
a: Rolling Charge, Renounce Religion, Berserk, Trog's Hand, Brothers in Arms


You were on level 4 of the Swamp.
You worshipped Trog.
Trog was exalted by your worship.
You visited 6 branches of the dungeon, and saw 32 of its levels.
You also visited: Sewer, Gauntlet and Ice Cave.

You collected 3184 gold pieces.
You spent 1572 gold pieces at shops.

Inventory:

Hand Weapons
 h - a +3 broad axe
 x - the +9 broad axe "Fiviyp" (weapon) {flame, Str+2}
   (Trog gifted it to you on level 4 of the Swamp)

   It has been specially enchanted to burn those struck by it, causing extra
   injury to most foes and up to half again as much damage against particularly
   susceptible opponents.
   Big, fiery blades are also staple armaments of hydra-hunters.
   It affects your strength (+2).
 E - a +3 broad axe of flaming
Missiles
 z - 22 boomerangs (quivered)
 B - 5 curare-tipped darts
 D - 8 boomerangs of dispersal
 M - a throwing net
 R - 7 atropa-tipped darts
 T - 21 javelins
 U - 8 silver javelins
 Z - 4 silver boomerangs
Armour
 m - a +0 scale mail of cold resistance
 q - a +4 scale mail (worn)
 u - the +0 pair of fencer's gloves (worn) {Riposte Dex+3}
   (You bought it in a shop on level 2 of the Orcish Mines)

   It affects your dexterity (+3).
 w - a scarf of resistance (worn)
 A - the +5 kite shield of Disguise (worn) {rN+ Str+4}
   (You found it on level 8 of the Dungeon)

   It affects your strength (+4).
   It protects you from negative energy.
 S - a +0 barding of cold resistance (worn)
 V - a +0 cloak of preservation
Jewellery
 f - a ring of poison resistance (left hand)
 l - a ring of flight
 r - an amulet of regeneration (around neck)
 N - a ring of willpower (right hand)
 P - an amulet of reflection
Wands
 a - a wand of flame (37)
 s - a wand of acid (11)
 y - a wand of mindburst (43)
 J - a wand of digging (16)
 K - a wand of charming (31)
 L - a wand of paralysis (3)
 Q - a wand of iceblast (82)
Scrolls
 b - 9 scrolls of identify
 g - 3 scrolls of magic mapping
 j - 18 scrolls of teleportation
 v - 4 scrolls of fog
 C - a scroll of holy word
 F - 2 scrolls of silence
 G - a scroll of blinking
 H - 4 scrolls of immolation
 O - 2 scrolls of summoning
Potions
 c - 2 potions of magic
 d - 2 potions of invisibility
 e - 17 potions of curing
 i - 4 potions of mutation
 k - 12 potions of ambrosia
 o - 2 potions of resistance
 p - 5 potions of flight
 t - 3 potions of haste
 I - 2 potions of might
 X - 2 potions of cancellation


   Skills:
 - Level 14.0 Fighting
 - Level 18.0 Axes
 + Level 13.4 Throwing
 + Level 11.5 Armour
 - Level 1.5 Dodging
 - Level 9.0 Shields


You had 17 spell levels left.
You didn't know any spells.
Your spell library was empty.

Dungeon Overview and Level Annotations

Branches:
Dungeon (15/15)            Temple (1/1) D:6            Lair (6/6) D:11
  Swamp (4/4) Lair:2       Spider (4/4) Lair:4          Orc (2/2) D:12
    Elf (0/3) Orc:2        Vaults (0/5) D:13         Depths (0/5) D:15
  Sewer (visited)           IceCv (visited)         Gauntlet (visited)
  Slime: Lair:5-6

Altars:
Ashenzari
Cheibriados
Dithmenos
Fedhas
Gozag
Hepliaklqana
Kikubaaqudgha
Makhleb
Okawaru
Ru
Sif Muna
Uskayaw
Wu Jian
Xom
The Shining One
Beogh

Shops:
D:3 (   D:5 *   D:8 *   Orc:2 **:(

Annotations:
D:3 3 runed translucent doors, BlueGoblin's ghost, amateur GrIE; Kinoniko's ghost, weakling MiFi
Lair:4 exclusion: 4 oklob plants


Innate Abilities, Weirdness & Mutations

You are completely covered in rugged brown scales. (AC +3, +7% HP)
You have supernaturally acute eyesight. (SInv)
Armour fits poorly on your strangely shaped body.
You can roll at nearby foes to attack.
You have a long armoured tail.
You curl defensively after being hit.


Message History

You hit the briar patch but do no damage.
The thorn hunter fires a volley of thorns at you.
The volley of thorns hits you!!
* * * LOW HITPOINT WARNING * * *
The thorn hunter fires a volley of thorns at you.
The volley of thorns hits you!!
* * * LOW HITPOINT WARNING * * *
A red film seems to cover your vision as you go berserk!
You feel yourself moving faster!
You feel mighty! The thorn hunter hits you!
* * * LOW HITPOINT WARNING * * *
The thorn hunter hits you but does no damage.
You barely miss the thorn hunter.
Your tail-slap misses the thorn hunter.
The thorn hunter is severely damaged.
You slash the briar patch! You burn the briar patch.
You slice the briar patch!! You burn the briar patch.
You destroy the briar patch!
The thorn hunter gestures.
Thorny briars emerge from the ground!
You slice the thorn hunter!! You burn the thorn hunter.
The thorn hunter is almost destroyed.
You slash the briar patch! You burn the briar patch.
You destroy the briar patch!
The briar patch crumbles away. x2
You slash the thorn hunter! You burn the thorn hunter.
You destroy the thorn hunter!
Trog accepts your kill.
You feel a strong urge to attack something.
You start resting.
The briar patch crumbles away.
A deep elf zephyrmancer comes into view.
It is wielding a +0 flail.
A deep elf zephyrmancer is nearby!
You feel your anger nearly subside.
You are no longer berserk.
You are exhausted.
You feel yourself slow down.
As you read the scroll of fog, it crumbles to dust.
The scroll dissolves into smoke.
The deep elf zephyrmancer shouts!
The briar patch crumbles away.
The deep elf zephyrmancer gestures at you while chanting.
The bolt of lightning hits you!!
You die...

.§.≈...≈...≈≈....≈......)≈≈....♣♣
.....≈≈.§≈.......≈.≈..≈.≈≈..♣...≈
≈....≈≈.(........≈≈...§.♣≈..≈.≈..
≈..≈..≈e.≈≈≈.≈.......≈..♣≈...≈≈≈.
.≈......≈...≈≈.≈.≈≈≈.....≈.......
.≈..≈[≈..e.§......≈...#########.♣
.......≈≈≈..≈...§§§≈###...♣.≈.###
......P≈≈≈.≈≈.≈§§§###♣≈.≈♣♣♣..≈♣#
.≈.≈.≈PP.....≈≈§@##≈.≈≈≈≈.♣≈≈.≈≈.
≈.§≈..PP≈≈..≈.≈§##≈##≈≈.≈.♣.≈§≈.#
....≈.PP....≈.§##≈.#∩##♣≈≈♣.≈♣##∩
≈...≈.PP..≈.≈≈.#♣≈≈.#≈##..♣).##≈#
...≈PPPP.§≈...##≈≈≈.#..##♣≈♣##.≈#
≈..≈PPPP...≈.≈#♣≈≈≈.##≈.##♣##..##
..≈.PPPP.≈[...#.≈≈≈≈.#≈§.♣#♣≈≈.#♣
..^.PPP..≈...#.≈.≈≈§.##♣.≈≈≈..##≈
.≈..PP.......#≈.≈♣≈...##≈.≈≈≈##..


You could see a deep elf zephyrmancer.

Vanquished Creatures
  Nikola (Swamp:1)
  Arachne (Spider:2)
  Jorgrun (D:12)
  A tentacled monstrosity (Swamp:3)
  Kirke (Spider:3)
  2 thorn hunters (Swamp:4)
  Agnes (Spider:3)
  Donald (Swamp:1)
  Roxanne (Swamp:3)
  7 fenstrider witches
  3 ghost moths
  5 emperor scorpions
  Louise (Spider:2)
  A ghoul (Swamp:4)
  Nessos (D:15)
  Azrael (D:12)
  A spark wasp (Spider:3)
  5 bunyips
  An entropy weaver (Spider:3)
  A minotaur (Gauntlet)
  4 eleionomae
  Snorg (D:10)
  2 blizzard demons (Swamp:4)
  4 shambling mangroves
  2 fire dragons
  A great orb of eyes (shapeshifter) (Gauntlet)
  8 vault guards (D:13)
  17 hydras
  2 ice dragons (D:15)
  A centaur warrior (D:15)
  A catoblepas (Lair:6)
  3 boulder beetles
  2 two-headed ogres
  2 ghost crabs
  3 ogre magi (Swamp:4)
  A death knight (D:12)
  7 alligators
  3 orc high priests (Orc:2)
  Urug (Orc:2)
  2 soul eaters (Swamp:4)
  Sonja (Lair:1)
  A fire crab (Lair:6)
  A skeletal warrior (D:12)
  3 spriggan druids
  3 goliath frogs
  2 bog bodies
  6 swamp dragons
  2 phantasmal warriors (D:12)
  A harpy (shapeshifter) (D:14)
  2 necromancers
  5 orc knights
  7 orc sorcerers
  A deep elf pyromancer (Swamp:4)
  A mana viper (shapeshifter) (Gauntlet)
  21 wolf spiders
  6 ugly things (D:15)
  2 manticores
  15 orb spiders
  2 oklob plants (Lair:2)
  3 cyclopes
  A moth of wrath (Spider:4)
  A will-o-the-wisp (Swamp:3)
  2 centaur zombies (D:11)
  An ice statue (IceCv)
  7 black mambas
  2 molten gargoyles (Lair:6)
  2 gargoyles
  5 torpor snails
  An unseen horror (D:13)
  3 orange demons (Swamp:4)
  11 freezing wraiths
  10 cane toads
  An efreet (D:14)
  5 yaktaurs (D:15)
  22 demonic crawlers
  12 komodo dragons
  A hellwing (Swamp:4)
  24 jumping spiders
  3 meliai (D:14)
  2 trolls
  17 hornets
  2 bloated husks (Swamp:3)
  3 slime creatures (D:15)
  A dream sheep (shapeshifter) (Gauntlet)
  7 dream sheep (Lair:6)
  12 blink frogs
  6 tyrant leeches
  68 redbacks
  3 spriggans
  5 centaur simulacra
  28 tarantellas
  A shadow (D:7)
  8 wyverns
  55 yaks
  A wraith (D:11)
  11 basilisks
  2 fire elementals (D:12)
  A yak (shapeshifter) (D:14)
  2 chaos spawn (Swamp:4)
  2 neqoxecs (Swamp:4)
  2 steam dragons
  19 vampire mosquitoes
  A harpy simulacrum (Gauntlet)
  16 swamp worms
  3 acid dragons
  A warg (Orc:1)
  19 water moccasins
  8 hell hounds
  A meliai simulacrum (Gauntlet)
  A black bear (D:6)
  7 ice beasts
  19 orc warriors
  A swamp drake (Swamp:4)
  2 necrophages
  An alligator simulacrum (IceCv)
  4 boggarts (D:14)
  5 wolves
  4 ogres (Orc:2)
  5 centaurs
  A phantom (D:6)
  3 kobold brigands
  11 bullfrogs
  4 gnoll sergeants
  2 scorpions
  2 water moccasin skeletons
  5 wights (D:6)
  2 howler monkeys
  8 electric eels
  6 lava snakes
  4 draconian simulacra (IceCv)
  14 orc priests
  A hound (D:5)
  3 iron imps (D:6)
  2 scorpion zombies
  3 iguanas (D:5)
  16 orc wizards
  4 hell rats (Lair:6)
  5 troll simulacra (IceCv)
  3 polar bear simulacra
  2 yak simulacra (D:10)
  A spriggan simulacrum (IceCv)
  6 wolf simulacra
  A killer bee zombie (D:8)
  2 hound zombies (D:3)
  2 hound skeletons (D:3)
  21 gnolls
  A howler monkey skeleton (D:6)
  17 adders
  2 naga simulacra (IceCv)
  5 ogre simulacra (IceCv)
  24 white imps
  An ufetubus (D:5)
  2 adder skeletons (D:3)
  3 adder zombies (D:3)
  2 worms (D:5)
  4 dart slugs
  46 orcs
  4 ball pythons
  8 endoplasms
  12 giant cockroaches
  6 goblins
  6 hobgoblins
  11 jackals
  8 quokkas
  5 bats
  7 frilled lizards
  23 kobolds
  A quokka zombie (D:3)
  4 rats
  3 river rat simulacra (D:10)
  9 briar patches (Swamp:4)
1007 creatures vanquished.

Vanquished Creatures (others)
  A spark wasp (Spider:4)
  An alligator (Swamp:4)
  A wolf spider (Spider:4)
  3 bloated husks
  A yak (Lair:6)
  4 humans (Spider:4)
  4 foxfires (Swamp:3)
  24 fungi
  92 plants
  4 withered plants (D:3)
135 creatures vanquished.

Grand Total: 1142 creatures vanquished

Notes
Turn   | Place    | Note
-------+----------+-------------------------------------------
     0 | D:1      | Froggeryz the Palentonga Berserker began the quest for the
                  | Orb.
     0 | D:1      | Reached XP level 1. HP: 19/19 MP: 1/1
    75 | D:1      | Reached XP level 2. HP: 19/25 MP: 2/2
   475 | D:1      | Reached XP level 3. HP: 27/31 MP: 3/3
   659 | D:1      | Reached ** piety under Trog
   741 | D:1      | Reached skill level 4 in Axes
  1305 | D:2      | Reached XP level 4. HP: 31/37 MP: 4/4
  1538 | D:2      | Found a faded altar of an unknown god.
  2059 | D:3      | Reached skill level 5 in Axes
  2059 | D:3      | Reached XP level 5. HP: 43/43 MP: 5/5
  2151 | D:3      | Noticed a water moccasin
  2160 | D:3      | Reached *** piety under Trog
  2162 | D:3      | Killed a water moccasin
  2163 | D:3      | Reached XP level 6. HP: 50/50 MP: 6/6
  2415 | D:3      | Found a sacrificial altar of Ru.
  2419 | D:3      | Found a glowing golden altar of the Shining One.
  2493 | D:3      | Found a broken altar of Ashenzari.
  2527 | D:3      | Found Ecoisojo's Weapon Boutique.
  2555 | D:3      | Found a runed translucent gate.
  2567 | D:3      | Reached skill level 6 in Axes
  2628 | D:3      | Found a runed translucent gate.
  2628 | D:3      | Noticed BlueGoblin's ghost (amateur GrIE)
  2629 | D:3      | Found a runed translucent gate.
  2629 | D:3      | Noticed Kinoniko's ghost (weakling MiFi)
  2921 | D:4      | Noticed a water moccasin
  2934 | D:4      | Killed a water moccasin
  3355 | D:5      | Entered Level 5 of the Dungeon
  3445 | D:5      | Found an ornate altar of the Wu Jian Council.
  3490 | D:5      | Gained mutation: You curl defensively after being hit.
                  | [Palentonga growth]
  3490 | D:5      | Reached XP level 7. HP: 32/55 MP: 7/7
  3503 | D:5      | Reached skill level 7 in Axes
  3670 | D:5      | Found Figion's Assorted Antiques.
  3685 | D:5      | Bought a scroll labelled WAABBY JAATZ for 26 gold pieces
  3736 | D:5      | Found a glowing drain.
  3772 | Sewer    | Entered a sewer
  3890 | Sewer    | Reached **** piety under Trog
  4039 | D:5      | Reached skill level 8 in Axes
  4273 | D:5      | Reached XP level 8. HP: 48/62 MP: 8/8
  4620 | D:6      | Reached skill level 5 in Armour
  4676 | D:6      | Reached skill level 9 in Axes
  4728 | D:6      | Found a staircase to the Ecumenical Temple.
  5278 | D:6      | Found a burning altar of Makhleb.
  5429 | Temple   | Entered the Ecumenical Temple
  5678 | D:7      | Reached skill level 10 in Axes
  5787 | D:7      | Reached XP level 9. HP: 56/67 MP: 9/9
  6193 | D:8      | Reached skill level 1 in Throwing
  6439 | D:8      | Found Somazoul's Assorted Antiques.
  6454 | D:8      | Bought a scroll labelled BUTWEUKURO for 31 gold pieces
  6538 | D:8      | Identified the +5 kite shield of Disguise {rN+ Str+4}
  7410 | D:9      | Identified the +0 leather armour "Nomn" {Harm Int+2}
  7539 | D:9      | Reached skill level 1 in Shields
  7567 | D:9      | Found a shadowy altar of Dithmenos.
  7710 | D:9      | Reached skill level 11 in Axes
  7811 | D:9      | Noticed a gargoyle
  7823 | D:9      | Reached ***** piety under Trog
  7835 | D:9      | Killed a gargoyle
  8131 | D:10     | Entered Level 10 of the Dungeon
  8235 | D:10     | Reached XP level 10. HP: 74/74 MP: 10/10
  8241 | D:10     | Reached skill level 12 in Axes
  8405 | D:10     | Identified a scroll of acquirement
  8405 | D:10     | Acquired a +1 broad axe of venom
  8849 | D:10     | Noticed Snorg
  8861 | D:10     | HP: 2/111 [Snorg (5)]
  8863 | D:10     | Killed Snorg
  9129 | D:10     | Noticed a necromancer
  9138 | D:10     | Killed a necromancer
  9139 | D:10     | Reached skill level 13 in Axes
  9392 | D:11     | Reached skill level 5 in Shields
  9504 | D:11     | Identified the +1 leather armour of Egalitarianism {rPois
                  | Stlth+}
  9561 | D:11     | Noticed a two-headed ogre
  9570 | D:11     | Killed a two-headed ogre
  9642 | D:11     | Found a staircase to the Lair.
  9683 | D:11     | Reached XP level 11. HP: 79/80 MP: 11/11
 10109 | D:11     | Reached skill level 14 in Axes
 10116 | D:11     | Noticed a fire dragon
 10124 | D:11     | Killed a fire dragon
 10297 | Lair:1   | Entered Level 1 of the Lair of Beasts
 10450 | Lair:1   | Noticed a wolf spider
 10464 | Lair:1   | Killed a wolf spider
 10686 | Lair:1   | Noticed Sonja
 10694 | Lair:1   | Killed Sonja
 10764 | Lair:1   | Reached skill level 15 in Axes
 10967 | Lair:1   | Reached ****** piety under Trog
 10990 | Lair:1   | Reached XP level 12. HP: 51/86 MP: 12/12
 11668 | Lair:2   | Received a gift from Trog
 11670 | Lair:2   | Found a staircase to the Swamp.
 11895 | Lair:2   | Reached skill level 16 in Axes
 12180 | Lair:2   | Noticed a five-headed hydra
 12190 | Lair:2   | Killed a one-headed hydra
 12375 | Lair:2   | Found a blossoming altar of Fedhas.
 12741 | Lair:3   | Noticed a five-headed hydra
 12752 | Lair:3   | Killed a one-headed hydra
 12982 | Lair:3   | Found a snail-covered altar of Cheibriados.
 13457 | Lair:3   | Reached skill level 17 in Axes
 13727 | Lair:4   | Noticed an eight-headed hydra
 13740 | Lair:4   | Killed a one-headed hydra
 13805 | Lair:4   | Noticed a six-headed hydra
 13814 | Lair:4   | Killed a one-headed hydra
 13815 | Lair:4   | Reached XP level 13. HP: 64/92 MP: 13/13
 14253 | Lair:4   | Found a hole to the Spider Nest.
 14593 | Lair:5   | Found a gate leading to a gauntlet.
 14615 | Gauntlet | Entered a Gauntlet
 14615 | Gauntlet | Found a transporter.
 14618 | Gauntlet | Found a transporter.
 14623 | Gauntlet | Found a transporter.
 14624 | Gauntlet | Found a transporter.
 14627 | Gauntlet | Found a transporter.
 14632 | Gauntlet | Found a transporter.
 14634 | Gauntlet | Found a transporter.
 14689 | Gauntlet | Found a transporter.
 14708 | Gauntlet | Found a transporter.
 14712 | Gauntlet | Found a transporter.
 14720 | Gauntlet | Found a transporter.
 14734 | Gauntlet | Noticed a dire elephant
 14737 | Gauntlet | Found a transporter.
 14773 | Gauntlet | Received a gift from Trog
 14920 | Gauntlet | Noticed a minotaur
 14930 | Gauntlet | Killed a minotaur
 14931 | Gauntlet | Reached skill level 5 in Fighting
 14957 | Gauntlet | Found the +4 Cigotuvi's embrace {rMiasma Drain rN+}
 14970 | Gauntlet | Identified the +4 dagger "Noriell" {drain, rElec}
 14976 | Gauntlet | Identified the Collected Works on Displacement
 15349 | Lair:5   | Reached skill level 18 in Axes
 15703 | Lair:6   | Entered Level 6 of the Lair of Beasts
 16587 | Lair:6   | Reached XP level 14. HP: 92/111 MP: 14/14
 16637 | Lair:6   | Received a gift from Trog
 16668 | Lair:6   | Found a large runed translucent door.
 16668 | Lair:6   | Found a large runed translucent door.
 17266 | D:12     | Reached skill level 5 in Throwing
 17444 | D:12     | Found a staircase to the Orcish Mines.
 17448 | D:12     | Noticed Azrael
 17475 | D:12     | Killed Azrael
 17514 | D:12     | Found a frozen archway.
 17544 | IceCv    | Entered an ice cave
 17814 | IceCv    | Found an ancient bone altar of Kikubaaqudgha.
 17828 | IceCv    | Received a gift from Trog
 18376 | D:12     | Reached skill level 10 in Fighting
 18391 | D:12     | Noticed Jorgrun
 18407 | D:12     | Killed Jorgrun
 18922 | Orc:1    | Entered Level 1 of the Orcish Mines
 19224 | Orc:2    | Entered Level 2 of the Orcish Mines
 19645 | Orc:2    | Noticed Urug
 19653 | Orc:2    | Killed Urug
 19731 | Orc:2    | Found a staircase to the Elven Halls.
 19866 | Orc:2    | Received a gift from Trog
 19887 | Orc:2    | Found Gedauk's Assorted Antiques.
 19887 | Orc:2    | Found Zyshixkic's Assorted Antiques.
 19891 | Orc:2    | Found Suobydu's Antique Weapon Boutique.
 19891 | Orc:2    | Found Ishruhu's Book Shoppe.
 19902 | Orc:2    | Bought the +0 pair of fencer's gloves {Riposte Dex+3} for
                  | 1400 gold pieces
 19902 | Orc:2    | Found the +0 pair of fencer's gloves {Riposte Dex+3}
 19902 | Orc:2    | Bought a scroll labelled TAENEKLIOJI for 35 gold pieces
 19907 | Orc:2    | Bought a scroll labelled TAENEKLIOJI for 40 gold pieces
 19907 | Orc:2    | Bought a scroll labelled LAES GEKKOBIO for 40 gold pieces
 20290 | Orc:1    | Found a shimmering blue altar of Sif Muna.
 20490 | D:13     | Found a hazy altar of Hepliaklqana.
 20528 | D:13     | Reached XP level 15. HP: 125/127 MP: 15/15
 20588 | D:13     | Found a gate to the Vaults.
 21952 | D:15     | Entered Level 15 of the Dungeon
 21989 | D:15     | Found a hide-covered altar of Uskayaw.
 22029 | D:15     | Received a gift from Trog
 22108 | D:15     | Noticed Nessos
 22111 | D:15     | Killed Nessos
 22431 | D:15     | Found a staircase to the Depths.
 23108 | Spider:1 | Entered Level 1 of the Spider Nest
 23477 | Spider:1 | Received a gift from Trog
 23605 | Spider:1 | Identified the +1 chain mail of the Mackerel {rPois rN+
                  | Dex+5}
 24508 | Spider:2 | Noticed Louise
 24511 | Spider:2 | Reached skill level 10 in Throwing
 24518 | Spider:2 | Killed Louise
 24523 | Spider:2 | Noticed Arachne
 24526 | Spider:2 | Reached XP level 16. HP: 135/140 MP: 16/16
 24560 | Spider:2 | Killed Arachne
 24834 | Spider:2 | Received a gift from Trog
 26439 | Spider:4 | Entered Level 4 of the Spider Nest
 26441 | Spider:4 | Found the +3 pair of gauntlets of War {Slay+5}
 26449 | Spider:4 | Noticed Agnes
 26465 | Spider:3 | Killed Agnes
 27021 | Spider:4 | Noticed Kirke
 27090 | Spider:3 | Killed Kirke
 27547 | Spider:4 | Received a gift from Trog
 28019 | Spider:4 | Reached XP level 17. HP: 12/148 MP: 17/17
 28264 | Spider:4 | Got a gossamer rune of Zot
 28606 | Swamp:1  | Entered Level 1 of the Swamp
 28793 | Swamp:1  | Noticed Nikola
 28798 | Swamp:1  | Noticed Donald
 28803 | Swamp:1  | Killed Donald
 28805 | Swamp:1  | Killed Nikola
 29264 | Swamp:2  | Paralysed by a fenstrider witch for 6 turns
 29806 | Swamp:3  | HP: 3/148 [shambling mangrove (5)]
 30030 | Swamp:3  | Reached skill level 10 in Armour
 30154 | Swamp:3  | Identified Roxanne's Volume of the Rocks
 30154 | Swamp:3  | Noticed Roxanne
 30280 | Swamp:3  | Noticed a tentacled monstrosity
 30297 | Swamp:3  | Killed a tentacled monstrosity
 30501 | Swamp:3  | Killed Roxanne
 30616 | Swamp:4  | Entered Level 4 of the Swamp
 30847 | Swamp:4  | Identified the +9 broad axe "Fiviyp" {flame, Str+2} (Trog
                  | gifted it to you on level 4 of the Swamp)
 30847 | Swamp:4  | Received a gift from Trog
 31614 | Swamp:4  | Paralysed by a fenstrider witch for 4 turns
 31618 | Swamp:4  | HP: 7/148 [poison]
 31875 | Swamp:4  | Paralysed by a hornet for 1 turns
 31973 | Swamp:4  | Paralysed by a fenstrider witch for 2 turns
 32068 | Swamp:4  | Reached XP level 18. HP: 156/156 MP: 18/18
 32182 | Swamp:4  | Got a decaying rune of Zot
 32245 | Swamp:4  | Killed from afar by a deep elf zephyrmancer

Illustrated notes

Levels and vault maps discovered:
D:1:      giann_horns, layout_rooms
D:2:      layout_loops_corners, basic_ecumenical_altar
D:3:      layout_basic, ashenzari_altar_1, minitemple, serial_shops,
          nicolae_shop_temple_entry_statues_fountains, serial_undead,
          serial_undead_c, serial_undead_c, serial_undead_d, serial_undead_b,
          serial_undead_b, serial_undead_e, serial_undead_c, serial_undead_f,
          gammafunk_ghost_cemetery
D:4:      layout_rooms, minmay_statues_item
D:5:      layout_loops_ring, pdpol_wu_jian_five_deadly_venoms,
          cheibrodos_sewer_entry_bend, serial_shops,
          nicolae_shop_temple_entry_statues_fountains
D:6:      layout_basic, demons_altar, minmay_temple_entry_stoned_glass
D:7:      layout_loops_ring
D:8:      layout_layer_cave, serial_shops, nicolae_diamond_shop
D:9:      layout_basic, grunt_dithmenos_smoke, minmay_fountain_box,
          chequers_big_river
D:10:     layout_loops_ring, eino_house_with_fridge, uniq_snorg
D:11:     dragon1_lemuel, layout_basic, lair_entry_dummy, serial_bayou_ford_a
D:12:     layout_loops_ring, minmay_orc_entry_temple_small,
          portal_ice_cave_entry_imps, uniq_azrael, uniq_jorgrun
D:13:     layout_roguey, erik_vaults_2, nicolae_hepliaklqana_hazy_memory
D:14:     layout_irregular_city, skrybe_limestone_x
D:15:     grunt_enter_depths_hoard, layout_gridville, nicolae_uskayaw_suspiria,
          st_stairs_6, uniq_nessos
Temple:   eino_temple_rhombus
Lair:1:   minmay_lair_venomous_thicket, layout_hall_layers, lemuel_fruit_fields,
          grunt_megastairs_4, uniq_sonja
Lair:2:   cheibrodos_lair_river_kwai, layout_long_grid,
          nicolae_swamp_entry_splash_gauntlet, st_stairs_3,
          hangedman_tree_tricks
Lair:3:   layout_cave_pods, kennysheep_snail_temple
Lair:4:   layout_regular_city, nicolae_spider_entry_orb_guardian,
          enter_volcano_1, grunt_megastairs_5, minmay_lair_oklob_chamber
Lair:5:   layout_roguey, gauntlet_entry_generic
Lair:6:   cheibrodos_lair_end_hotspot, layout_cave_pods, slime_dummy
Swamp:1:  layout_basic_swamp, nicolae_swamp_oxbows, uniq_nikola, uniq_donald
Swamp:2:  layout_basic_swamp, evilmike_swamp_ruin_house_3
Swamp:3:  layout_basic_swamp, evilmike_swamp_ruin_house_4, uniq_roxanne
Swamp:4:  nzn_swamp_witches_coven, layout_basic_swamp, swamp_pool2,
          infiniplex_staircase_pool
Spider:1: layout_spider_delve, drop_trap, guppyfry_spider_mini_2
Spider:2: layout_spider_delve, uniq_louise, uniq_arachne
Spider:3: layout_chambers, nicolae_spider_twisty_arc_passages
Spider:4: guppyfry_spider_rune, spiders_nest_ghost_moth_duel, uniq_agnes,
          uniq_kirke
Orc:1:    layout_diamond_mine, kennysheep_orc_sif_temple
Orc:2:    grunt_orc_tribal_feast, layout_caves, uniq_urug

Skill      XL: |  1  2  3  4  5  6  7  8  9 10 11 12 13 14 15 16 17 |
---------------+----------------------------------------------------+-----
Armour         | 2 3 4 5 6 8 11 | 11.5
Axes           | 4 5 6 8 10 11 13 15 17 18 | 18.0
Throwing       | 1 4 7 10 11 13 | 13.4
Shields        | 3 5 7 9 |  9.0
Fighting       | 7 11 13 14 | 14.0
Dodging        | |  1.5

Action                   |  1- 3 |  4- 6 |  7- 9 | 10-12 | 13-15 | 16-18 || total
-------------------------+-------+-------+-------+-------+-------+-------++-------
Melee: Hand axe          |    98 |   152 |   423 |    63 |    22 |       ||   758
       Tailslap          |    13 |    20 |    51 |   108 |   217 |   181 ||   590
       Broad axe         |       |       |       |   509 |  1196 |   905 ||  2610
Throw: Dart              |       |     2 |     6 |     7 |     5 |     1 ||    21
       Javelin           |       |       |       |       |     8 |     2 ||    10
       Boomerang         |       |       |       |       |       |    67 ||    67
Invok: Berserk           |     1 |     3 |    11 |    14 |    12 |     5 ||    46
       Trog's Hand       |       |       |       |     1 |       |     2 ||     3
       Brothers in Arms  |       |       |       |       |       |     1 ||     1
 Abil: Rolling Charge    |       |       |     3 |    10 |    35 |    50 ||    98
Evoke: Wand              |       |       |     6 |     5 |    12 |     4 ||    27
  Use: Scroll            |     2 |     3 |     9 |     5 |    11 |    13 ||    43
       Potion            |       |       |       |     1 |     8 |     7 ||    16
 Stab: Paralysed         |       |       |       |     3 |       |       ||     3
       Petrifying        |       |       |       |       |     3 |       ||     3
       Petrified         |       |       |       |       |     1 |       ||     1
       Held in net/web   |       |       |       |       |       |     2 ||     2
Armor: Animal skin       |    31 |       |       |       |       |       ||    31
       Ring mail         |    20 |   105 |    49 |       |       |       ||   174
       Scale mail        |       |       |   108 |   238 |   359 |   497 ||  1202
Dodge: Dodged            |    54 |    93 |   149 |   168 |   241 |   174 ||   879
Block: Kite shield       |       |       |       |   209 |   834 |   725 ||  1768
       Rpst.: Broad axe  |       |       |       |       |    15 |    34 ||    49

Table legend: (Time is in decaauts)
 A = Elapsed time spent in this place.
 B = Non-inter-level travel time spent in this place.
 C = Inter-level travel time spent in this place.
 D = Time resting spent in this place.
 E = Time spent auto-exploring this place.
 F = Levels seen in this place.
 G = Mean time per level.
                   A        B        C        D        E       F      G
               +--------+--------+--------+--------+--------+-----+--------+
         Total |  32283 |  30368 |   1915 |   3400 |  20609 |  35 |  922.4 |
       Dungeon |  13846 |  13207 |    639 |   1070 |   9829 |  15 |  923.1 |
        Temple |      1 |      1 |      0 |      0 |      0 |   1 |    1.0 |
          Lair |   6658 |   5974 |    684 |    542 |   4251 |   6 | 1109.7 |
         Swamp |   3838 |   3685 |    153 |    683 |   2169 |   4 |  959.5 |
   Spider Nest |   5236 |   4980 |    256 |    763 |   3007 |   4 | 1309.0 |
  Orcish Mines |   1510 |   1329 |    181 |     42 |   1005 |   2 |  755.0 |
         Sewer |    222 |    222 |      0 |     11 |     73 |   1 |  222.0 |
      Ice Cave |    593 |    593 |      0 |    156 |    273 |   1 |  593.0 |
      Gauntlet |    375 |    375 |      0 |    131 |      0 |   1 |  375.0 |
               +--------+--------+--------+--------+--------+-----+--------+

Top non-repeatable levels by time:
Spider:3: 1962 daAuts
Spider:1: 1468 daAuts
 Swamp:4: 1390 daAuts
  Lair:1: 1358 daAuts
  Lair:6: 1260 daAuts
  Lair:2: 1228 daAuts
    D:11: 1217 daAuts
    D:10: 1196 daAuts
     D:2: 1189 daAuts
 Swamp:3: 1148 daAuts
     D:8: 1062 daAuts
  Lair:3: 1061 daAuts
Spider:4: 1039 daAuts
    D:12: 1036 daAuts
     D:6: 996 daAuts
